 Dungeon Crawl Stone Soup version 0.19.1 (webtiles) character file.

78278 Nakatomy the Geomancer (level 15, -2/132 HPs)
             Began as a Deep Elf Fire Elementalist on Dec 23, 2016.
             Was an Elder of Vehumet.
             Slain by a vampiric scimitar (6 damage)
             ... on level 2 of the Orcish Mines.
             The game lasted 03:06:42 (35567 turns).

Nakatomy the Geomancer (DEFE)                      Turns: 35567, Time: 03:06:43

Health: -2/132     AC: 32    Str:  5    XL:     15   Next: 17%
Magic:  7/33       EV:  2    Int: 27    God:    Vehumet [****..]
Gold:   1368       SH:  6    Dex: 15    Spells: 11 memorised, 1 level left

rFire  . . .     SeeInvis .     k - +1 dagger (vamp)
rCold  . . .     Gourm    .     (armour currently unavailable)
rNeg   + + +     Faith    .     (no shield)
rPois  +         Spirit   .     (helmet currently unavailable)
rElec  .         Reflect  +     (cloak currently unavailable)
rCorr  .         Harm     .     (gloves currently unavailable)
MR     +....     NoTele   +     (boots currently unavailable)
Stlth  ++........               E - +6 amulet of reflection
                                P - ring of poison resistance
                                N - +5 ring of protection

@: tree-form, very slightly contaminated, delayed fireball
A: (slimy green scales 0)
a: Renounce Religion, Release Delayed Fireball


You were on level 2 of the Orcish Mines.
You worshipped Vehumet.
Vehumet was greatly pleased with you.
You were hungry.
You were a tree.
You visited 5 branches of the dungeon, and saw 21 of its levels.
You also visited: Ice Cave.

You collected 2167 gold pieces.
You spent 799 gold pieces at shops.

Inventory:

Hand Weapons
 k - a +1 vampiric dagger (weapon)
 K - a +1 great sword of protection
Armour
 a - the +2 hat of the Vacuum {rElec rF- MR+ Int+4}
   (You found it on level 1 of the Orcish Mines)

   It affects your intelligence (+4).
   It makes you vulnerable to fire.
   It insulates you from electricity.
   It affects your resistance to hostile enchantments.
 s - a +1 pair of boots (melded)
 H - a +2 robe of magic resistance (melded)
 Q - a +2 cloak of magic resistance (melded)
 X - a +1 hat (melded)
Jewellery
 o - a +4 ring of intelligence
 y - an uncursed ring of wizardry
 E - a +6 amulet of reflection (around neck)
 I - an uncursed ring of protection from cold
 N - a +5 ring of protection (left branch)
 P - a ring of poison resistance (right branch)
Wands
 b - a wand of iceblast (10/15)
 g - a wand of digging (19/24)
 p - a wand of disintegration (16/24)
 r - a wand of flame (24/48)
 F - a wand of flame (23/48)
 G - a wand of digging (11/24)
 J - a wand of flame (23/48)
 U - a wand of slowing (27/48)
 W - a wand of slowing (21/48)
 Z - a wand of teleportation (2/9)
Scrolls
 e - a scroll of enchant weapon
 f - 2 scrolls of brand weapon
 l - 13 scrolls of remove curse
 n - 2 scrolls of recharging
 q - 7 scrolls of enchant armour
 v - 5 scrolls of fog
 A - 2 scrolls of teleportation
 S - a scroll of acquirement {unknown}
Potions
 d - 3 potions of lignification
 i - 2 potions of brilliance
 t - 3 potions of resistance
 w - 3 potions of flight
 z - 2 potions of haste
 B - 2 potions of berserk rage
 L - a potion of might
Books
 j - a book of Enchantments

   Spells                             Type                      Level
   a - Cause Fear                     Hexes                        4
   b - Yara's Violent Unravelling     Hexes/Transmutation          5
   c - Silence                        Hexes/Air                    5
   d - Deflect Missiles               Charms/Air                   6
   e - Discord                        Hexes                        8
 u - a book of Minor Magic

   Spells                             Type                      Level
   a - Magic Dart                     Conjuration                  1
   b - Blink                          Translocation                2
   c - Call Imp                       Summoning                    2
   d - Repel Missiles                 Charms/Air                   2
   e - Slow                           Hexes                        2
   f - Conjure Flame                  Conjuration/Fire             3
   g - Mephitic Cloud                 Conjuration/Poison/Air       3
 C - the Tome of Assistive Black Secrets
   (You found it on level 6 of the Lair of Beasts)

   Spells                             Type                      Level
   a - Repel Missiles                 Charms/Air                   2
   b - Swiftness                      Charms/Air                   2
   c - Shroud of Golubria             Charms/Translocation         2
   d - Cigotuvi's Embrace             Necromancy                   5
   e - Ring of Flames                 Charms/Fire                  7
 M - a book of the Earth

   Spells                             Type                      Level
   a - Leda's Liquefaction            Hexes/Earth                  4
   b - Bolt of Magma                  Conjuration/Fire/Earth       5
   c - Statue Form                    Transmutation/Earth          6
   d - Iron Shot                      Conjuration/Earth            6
   e - Shatter                        Earth                        9
 O - a book of Ice

   Spells                             Type                      Level
   a - Ice Form                       Ice/Transmutation            4
   b - Metabolic Englaciation         Hexes/Ice                    5
   c - Ozocubu's Refrigeration        Ice                          6
   d - Bolt of Cold                   Conjuration/Ice              6
   e - Freezing Cloud                 Conjuration/Ice/Air          6
   f - Simulacrum                     Ice/Necromancy               6
 Y - a book of Necromancy

   Spells                             Type                      Level
   a - Pain                           Necromancy                   1
   b - Animate Skeleton               Necromancy                   1
   c - Vampiric Draining              Necromancy                   3
   d - Regeneration                   Charms/Necromancy            3
   e - Animate Dead                   Necromancy                   4
   f - Control Undead                 Necromancy                   4
Comestibles
 c - 14 bread rations
 x - 4 meat rations
 D - 2 beef jerkies
 R - 14 royal jellies


   Skills:
 - Level 8.3 Fighting
 - Level 13.0 Dodging
 - Level 2.5 Stealth
 - Level 12.3 Spellcasting
 + Level 8.7 Conjurations
 - Level 2.7 Hexes
 + Level 14.2 Fire Magic
 + Level 14.3 Earth Magic
 - Level 6.8 Poison Magic


You had one spell level left.
You knew the following spells:

 Your Spells              Type           Power        Failure   Level  Hunger
a - Flame Tongue          Conj/Fire      #####        1%          1    None
b - Stone Arrow           Conj/Erth      ######       1%          3    None
c - Conjure Flame         Conj/Fire      ######..     1%          3    None
d - Olgreb's Toxic Radia  Pois           ######..     1%          4    None
e - Fireball              Conj/Fire      ######....   1%          5    ###....
f - Magic Dart            Conj           ####         1%          1    None
g - Sticky Flame          Conj/Fire      ######..     1%          4    None
h - Bolt of Magma         Conj/Fire/Erth ######....   1%          5    ###....
i - Confuse               Hex            ####....     3%          3    None
j - Delayed Fireball      Conj/Fire      N/A          8%          7    ######.
z - Iron Shot             Conj/Erth      ######....   1%          6    #####..


Dungeon Overview and Level Annotations

Branches:
Dungeon (11/15)            Temple (1/1) D:6            Lair (6/6) D:9
  Swamp (0/4) Lair:4       Spider (0/4) Lair:4        Slime (0/5) Lair:5
    Orc (2/2) D:11            Elf (1/3) Orc:2

Altars:
Ashenzari
Cheibriados
Dithmenos
Elyvilon
Fedhas
Hepliaklqana
Kikubaaqudgha
Makhleb
Nemelex Xobeh
Okawaru
Qazlal
Ru
Sif Muna
Trog
Uskayaw
Vehumet
Yredelemnul
Zin
The Shining One
Beogh
Jiyva

Shops:
D:6 ([   D:7 }   D:10 %   Orc:1 *   Orc:2 }:*[(

Annotations:
D:3 exclusions: downstairs, orc priest and 1 more exclusion
D:6 exclusion: downstairs
D:7 1 runed door
Orc:1 exclusion: 2 doors, Harold


Innate Abilities, Weirdness & Mutations

((You are partially covered in slimy green scales. (AC +2)))


Message History

Your +2 cloak of magic resistance melds into your body.
Your +1 hat melds into your body.
Your +1 pair of boots melds into your body.
Your +2 robe of magic resistance melds into your body.
You feel less resistant to hostile enchantments. x2
Your roots penetrate the ground.
You feel strangely stable.
The vampiric scimitar hits you but does no damage.
You feel better.
The vampiric scimitar hits you but does no damage.
The vampiric scimitar hits you!
* * * LOW HITPOINT WARNING * * *
The vampiric scimitar hits you but does no damage.
Evoke which item? (* to show all) (? for menu, Esc to quit)
Zapping:
Z - a wand of teleportation (will waste charges)
Press: ? - help, Shift-Dir - straight line, f - vampiric scimitar
Aim: a vampiric scimitar (magic immune)
The vampiric scimitar is unaffected.
Evoking this partially-identified wand wasted a few charges.
The vampiric scimitar hits you.
You die...

# # # # ### ##.#### ### ..###.#
####.# ##### ...#..######
##(♣..## #.#.####
#......##..###......## ##...#..##
....##..#...##.......###......###
.#..##.##...#.........#........##
###....###...[.(......)....##...#
.#....## #....(###.......#####[..
....[### #...)..###.......# #...
..##.).###..#...####......####...
#.##...[.#[.##...##........##....


You could see a vampiric scimitar.

Vanquished Creatures
  2 orc warlords (Orc:2)
  A frost giant (IceCv)
  Snorg (Lair:6)
  Erolcha (Orc:2)
  3 catoblepae (Lair:6)
  2 hydras
  11 death yaks
  2 dancing weapons
  2 orc high priests
  2 deep elf knights (Elf:1)
  Nergalle (Orc:2)
  2 unseen horrors
  3 orc knights (Orc:2)
  A harpy (shapeshifter) (Elf:1)
  3 hill giants
  7 deep elf magi
  3 orc sorcerers (Orc:2)
  2 ugly things (D:11)
  Maurice (D:8)
  An ice statue (IceCv)
  Joseph (D:7)
  18 spiny frogs
  4 black mambas
  2 centaur skeletons
  3 rime drakes
  7 komodo dragons
  Prince Ribbit (D:7)
  A queen bee (D:9)
  5 trolls
  A hornet (D:11)
  15 polar bears
  11 hippogriffs
  5 blink frogs (Lair:5)
  14 dream sheep (Lair:5)
  An air elemental (Elf:1)
  A shadow (D:11)
  2 wyverns
  3 basilisks
  A wraith (D:10)
  62 yaks
  Grum (D:9)
  Menkaure (D:4)
  6 wargs
  15 water moccasins
  9 porcupines
  Duvessa (D:7)
  31 orc warriors
  A swamp drake (Orc:1)
  11 ice beasts
  2 sky beasts
  3 black bears (D:10)
  An eye of draining (D:9)
  2 necrophages (D:10)
  12 ogres
  33 wolves
  9 centaurs
  12 crocodiles
  A big kobold (D:10)
  A gnoll sergeant (D:8)
  21 bullfrogs
  A wyvern zombie (D:11)
  Dowan (D:7)
  A wyvern skeleton (D:11)
  10 scorpions
  28 killer bees
  3 howler monkeys
  3 crimson imps
  The ghost of M4edhros the Grave Robber, a weakling OpNe (D:3)
  4 bullfrog zombies
  A bullfrog skeleton (D:4)
  6 hounds
  30 orc wizards
  An iron imp (Orc:1)
  19 orc priests
  2 jellies
  Ijyb (D:3)
  5 iguanas
  7 worker ants
  2 hound zombies
  A howler monkey skeleton (D:7)
  3 worker ant zombies
  6 gnolls
  A river rat (D:9)
  5 adders
  6 shadow imps
  A white imp (Orc:1)
  3 oozes (Lair:5)
  An adder zombie (D:6)
  2 worms
  A dart slug (D:2)
  8 leopard geckos
  85 orcs
  8 giant cockroaches
  12 goblins
  4 hobgoblins
  10 jackals
  14 kobolds
  6 quokkas
  A ball python (D:2)
  19 bats
  7 frilled lizards
  A jackal skeleton (D:7)
  A leopard gecko skeleton (D:5)
  A leopard gecko zombie (D:8)
  A quokka zombie (D:7)
  16 rats
  A butterfly (Lair:5)
733 creatures vanquished.

Vanquished Creatures (others)
  3 polar bears (IceCv)
  3 yaks (IceCv)
  6 wolves (IceCv)
  8 fungi
  12 plants
32 creatures vanquished.

Grand Total: 765 creatures vanquished

Notes
Turn   | Place    | Note
-------+----------+-------------------------------------------
     0 | D:1      | Nakatomy the Deep Elf Fire Elementalist began the quest for the Orb.
     0 | D:1      | Reached XP level 1. HP: 10/10 MP: 6/6
   241 | D:1      | Reached XP level 2. HP: 15/15 MP: 5/8
   245 | D:1      | Learned a level 2 spell: Throw Flame
  1296 | D:2      | Reached XP level 3. HP: 19/19 MP: 6/10
  1651 | D:2      | Learned a level 3 spell: Conjure Flame
  1969 | D:3      | Noticed M4edhros's ghost (weakling OpNe)
  2002 | D:3      | Killed M4edhros's ghost
  2002 | D:3      | Reached XP level 4. HP: 17/24 MP: 0/12
  2297 | D:3      | Noticed Ijyb
  2304 | D:3      | Killed Ijyb
  2652 | D:3      | Reached XP level 5. HP: 21/28 MP: 9/14
  3087 | D:4      | Noticed Menkaure
  3174 | D:4      | Found an iron altar of Okawaru.
  3184 | D:4      | Reached skill level 5 in Spellcasting
  3345 | D:4      | Noticed an ogre
  3702 | D:4      | Noticed an ogre
  3716 | D:3      | Killed an ogre
  3716 | D:3      | Reached skill level 5 in Fire Magic
  3716 | D:3      | Reached XP level 6. HP: 29/32 MP: 4/16
  4143 | D:4      | Killed Menkaure
  4143 | D:4      | Reached XP level 7. HP: 36/36 MP: 11/18
  4347 | D:4      | Learned a level 3 spell: Confuse
  4464 | D:4      | Found an ancient bone altar of Kikubaaqudgha.
  4695 | D:5      | Entered Level 5 of the Dungeon
  4824 | D:5      | Found a snail-covered altar of Cheibriados.
  5565 | D:5      | Reached skill level 1 in Hexes
  5637 | D:6      | Reached skill level 5 in Conjurations
  5970 | D:6      | Found Tabigh's Antique Armour Boutique.
  6007 | D:6      | Learned a level 5 spell: Fireball
  6135 | D:6      | Found a staircase to the Ecumenical Temple.
  6145 | Temple   | Entered the Ecumenical Temple
  6160 | Temple   | Became a worshipper of Vehumet
  6233 | D:6      | Found Qewkiebb's Antique Weapon Shoppe.
  6580 | D:7      | Reached XP level 8. HP: 41/41 MP: 17/21
  6888 | D:7      | Noticed Joseph
  7070 | D:7      | Found Cosuvam's Gadget Boutique.
  7164 | D:7      | HP: 2/41 [something (11)]
  7170 | D:7      | Noticed an unseen horror
  7173 | D:7      | Killed an unseen horror
  7197 | D:7      | Noticed Prince Ribbit
  7236 | D:7      | Noticed an angel
  7236 | D:7      | Found a glowing golden altar of the Shining One.
  7237 | D:7      | Found a runed door.
  7646 | D:8      | Noticed a hippogriff
  7660 | D:7      | Killed a hippogriff
  7660 | D:7      | Reached * piety under Vehumet
  7660 | D:7      | Offered knowledge of Magic Dart by Vehumet.
  7660 | D:7      | Reached XP level 9. HP: 11/45 MP: 11/22
  7888 | D:7      | Learned a level 1 spell: Magic Dart
  7893 | D:7      | Learned a level 4 spell: Sticky Flame
  7928 | D:7      | Noticed Duvessa
  7946 | D:7      | Killed Duvessa
  7948 | D:7      | Noticed Dowan
  7951 | D:7      | Killed Dowan
  8096 | D:7      | Killed Prince Ribbit
  8748 | D:8      | Reached skill level 10 in Fire Magic
  9192 | D:8      | Found a stormy altar of Qazlal.
  9281 | D:8      | Learned a level 3 spell: Stone Arrow
  9444 | D:8      | Found a deep blue altar of Sif Muna.
  9497 | D:8      | Noticed Maurice
  9544 | D:7      | Reached XP level 10. HP: 50/50 MP: 19/23
  9634 | D:7      | Killed Joseph
  9634 | D:7      | Reached skill level 1 in Fighting
  9634 | D:7      | Reached skill level 1 in Earth Magic
 10100 | D:7      | Offered knowledge of Shock by Vehumet.
 10186 | D:8      | Reached skill level 10 in Dodging
 10337 | D:9      | Reached ** piety under Vehumet
 10705 | D:9      | Found a staircase to the Lair.
 11267 | D:9      | Offered knowledge of Ignite Poison by Vehumet.
 11462 | D:9      | Noticed Grum
 11570 | D:8      | Killed Maurice
 12150 | D:9      | Reached *** piety under Vehumet
 12915 | D:10     | Entered Level 10 of the Dungeon
 12982 | D:10     | Found Dothiffe's Food Shop.
 13410 | D:10     | Offered knowledge of Olgreb's Toxic Radiance by Vehumet.
 13414 | D:10     | Got a steaming ring mail
 13429 | D:10     | Reached XP level 11. HP: 60/60 MP: 16/26
 13437 | D:10     | Learned a level 4 spell: Olgreb's Toxic Radiance
 14095 | D:10     | Reached skill level 5 in Earth Magic
 14182 | D:10     | Killed an unseen horror
 14182 | D:10     | Reached **** piety under Vehumet
 14182 | D:10     | Reached skill level 1 in Poison Magic
 14875 | D:10     | Reached skill level 10 in Spellcasting
 15213 | D:10     | Noticed a hill giant
 15216 | D:10     | Killed a hill giant
 15307 | D:11     | Noticed a cyan ugly thing
 15312 | D:11     | Reached skill level 5 in Fighting
 15315 | D:11     | Killed a cyan ugly thing
 15420 | D:11     | Offered knowledge of Force Lance by Vehumet.
 15751 | D:11     | Noticed a hill giant
 15756 | D:11     | Killed a hill giant
 16460 | D:11     | Reached skill level 5 in Poison Magic
 16539 | D:11     | Noticed a green ugly thing
 16563 | D:11     | Killed a green ugly thing
 16764 | D:11     | Found a staircase to the Orcish Mines.
 17391 | D:11     | Noticed a hill giant
 17398 | D:11     | Killed a hill giant
 17398 | D:11     | Reached ***** piety under Vehumet
 17398 | D:11     | Reached XP level 12. HP: 70/70 MP: 10/28
 17661 | D:9      | Killed Grum
 17688 | D:9      | Offered knowledge of Bolt of Magma by Vehumet.
 17711 | Lair:1   | Entered Level 1 of the Lair of Beasts
 17837 | Lair:1   | Learned a level 5 spell: Bolt of Magma
 21626 | Lair:4   | Found a staircase to the Swamp.
 22120 | Lair:4   | Found a hole to the Spider Nest.
 22123 | Lair:4   | Offered knowledge of Bolt of Draining by Vehumet.
 22486 | Lair:4   | Reached XP level 13. HP: 78/78 MP: 10/30
 24168 | Lair:5   | Found a runed door.
 24168 | Lair:5   | Found a viscous altar of Jiyva.
 24168 | Lair:5   | Found a staircase to the Slime Pits.
 24485 | Lair:5   | Gained mutation: You are partially covered in slimy green scales. (AC +2) [potion of beneficial mutation]
 24884 | Lair:6   | Entered Level 6 of the Lair of Beasts
 25153 | Lair:6   | Learned a level 6 spell: Iron Shot
 26064 | Lair:6   | Offered knowledge of Conjure Ball Lightning by Vehumet.
 26505 | Lair:6   | Reached skill level 10 in Earth Magic
 27023 | Lair:6   | Reached XP level 14. HP: 84/84 MP: 5/32
 27391 | Lair:6   | Noticed Snorg
 27400 | Lair:6   | Killed Snorg
 27859 | Lair:6   | Identified the Tome of Assistive Black Secrets
 28261 | Lair:5   | Identified the cursed +0 ring mail of Forol {rN+ MP-9 Str+2} (You found it on level 10 of the Dungeon)
 28416 | D:6      | Bought an embroidered robe for 107 gold pieces
 28416 | D:6      | Bought a glowing robe for 107 gold pieces
 28729 | Orc:1    | Entered Level 1 of the Orcish Mines
 29026 | Orc:2    | Entered Level 2 of the Orcish Mines
 29079 | Orc:2    | Found a staircase to the Elven Halls.
 29094 | Orc:2    | Noticed an orc warlord
 29096 | Orc:2    | Found a frozen archway.
 29103 | Orc:2    | Offered knowledge of Poisonous Cloud by Vehumet.
 29111 | Orc:2    | Killed an orc warlord
 29274 | IceCv    | Entered an ice cave
 30737 | IceCv    | Noticed a frost giant
 30748 | IceCv    | Killed a frost giant
 31047 | Orc:2    | Noticed Erolcha
 31048 | Orc:2    | Found Qoawig's Gadget Shoppe.
 31068 | Orc:2    | Killed Erolcha
 31245 | Orc:1    | Noticed Harold
 31440 | Orc:1    | Offered knowledge of Delayed Fireball by Vehumet.
 31596 | Orc:1    | Learned a level 7 spell: Delayed Fireball
 31695 | Orc:1    | Found Qapp's Assorted Antiques.
 32270 | Orc:1    | Got a bloodstained hat
 32276 | Orc:1    | Identified the +2 hat of the Vacuum {rElec rF- MR+ Int+4} (You found it on level 1 of the Orcish Mines)
 32782 | Orc:2    | Noticed an orc warlord
 32851 | Orc:2    | Killed an orc warlord
 32869 | Orc:2    | HP: 5/126 [dire flail of protection (9)]
 33857 | Orc:2    | Noticed Nergalle
 33865 | Orc:2    | Killed Nergalle
 34098 | Orc:2    | Reached XP level 15. HP: 88/88 MP: 9/33
 34104 | Orc:2    | Offered knowledge of Bolt of Fire by Vehumet.
 34805 | Orc:2    | Found a roughly hewn altar of Beogh.
 34859 | Orc:2    | Found Onahuelu's Antique Weapon Boutique.
 34865 | Orc:2    | Found Jymeil's Antique Armour Boutique.
 34883 | Orc:2    | Found Opreubuh's Book Boutique.
 34896 | Orc:2    | Found Zaaz's General Store.
 34966 | Orc:2    | Bought a +6 amulet of reflection for 325 gold pieces
 34966 | Orc:2    | Bought an uncursed ring of poison resistance for 260 gold pieces
 35141 | Elf:1    | Entered Level 1 of the Elven Halls
 35563 | Orc:2    | HP: 3/88 [vampiric scimitar (16)]
 35567 | Orc:2    | Slain by a vampiric scimitar

Skill      XL: |  1  2  3  4  5  6  7  8  9 10 11 12 13 14 15 |
---------------+----------------------------------------------+-----
Spellcasting   | 4 5 6 7 9 10 11 12 | 12.3
Conjurations   | 2 3 4 5 6 7 8 |  8.7
Fire Magic     | 4 5 6 8 10 11 12 13 14 | 14.2
Hexes          | 2 |  2.7
Dodging        | 7 9 11 12 13 | 13.0
Fighting       | 3 6 7 8 |  8.3
Earth Magic    | 4 7 11 14 | 14.3
Poison Magic   | 5 6 |  6.8
Stealth        | |  2.5

Action                   |  1- 3 |  4- 6 |  7- 9 | 10-12 | 13-15 || total
-------------------------+-------+-------+-------+-------+-------++-------
Melee: Dagger            |       |       |    14 |     8 |    16 ||    38
Throw: Stone             |    56 |    37 |    35 |    12 |       ||   140
 Cast: Flame Tongue      |    84 |    59 |   231 |   471 |   240 ||  1085
       Throw Flame       |     2 |       |     3 |       |       ||     5
       Conjure Flame     |       |     6 |     8 |    21 |    11 ||    46
       Confuse           |       |       |     7 |       |       ||     7
       Fireball          |       |       |     7 |    17 |    44 ||    68
       Magic Dart        |       |       |    25 |    80 |    21 ||   126
       Sticky Flame      |       |       |     1 |     4 |     4 ||     9
       Stone Arrow       |       |       |       |   235 |   330 ||   565
       Olgreb's Toxic Ra |       |       |       |     7 |    35 ||    42
       Bolt of Magma     |       |       |       |    11 |    62 ||    73
       Iron Shot         |       |       |       |       |    27 ||    27
       Delayed Fireball  |       |       |       |       |     1 ||     1
Evoke: Wand              |       |       |     5 |     2 |     1 ||     8
  Use: Potion            |       |       |     1 |     3 |     9 ||    13
       Scroll            |       |       |     1 |    22 |    11 ||    34
  Eat: Chunk             |     2 |     5 |    10 |    38 |    36 ||    91
       Beef jerky        |     1 |       |     2 |     1 |     6 ||    10
       Meat ration       |     1 |       |       |       |       ||     1
       Bread ration      |       |       |     1 |       |       ||     1
       Pizza             |       |       |       |     1 |     1 ||     2
       Fruit             |       |       |       |     2 |    10 ||    12
Armor: Robe              |     4 |     1 |    14 |    34 |    71 ||   124
       Skin              |       |       |    11 |    20 |     6 ||    37
Dodge: Dodged            |    21 |     9 |    49 |   224 |   218 ||   521
Block: Other             |       |       |       |       |     7 ||     7
